 Dungeon Crawl Stone Soup version 0.16-a0-715-g16937c4 (webtiles) character file.

17525 Ratboiler the Martial Artist (level 12, -15/82 HPs)
             Began as an Octopode Transmuter on Sept 21, 2014.
             Was the Champion of Makhleb.
             Demolished by a seven-headed hydra (16 damage)
             ... on Level 4 of the Lair of Beasts.
             The game lasted 01:17:53 (17395 turns).

Ratboiler the Martial Artist (Octopode Transmuter) Turns: 17395, Time: 01:17:54

HP -15/82        AC  3     Str  9      XL: 12   Next: 48%
MP   2/22        EV 18     Int 20      God: Makhleb [******]
Gold 832         SH  0     Dex 13      Spells:  5 memorised,  1 level left

rFire  . . .     SeeInvis .     b - 55 arrows
rCold  . . .     Clarity  +     (no shield)
rNeg   . . .     rCorr    .     (helmet restricted)
rPois  .         rRot     .     Q - amulet of clarity
rElec  .         Spirit   .     l - cursed +2 ring of protection
SustAb .         Warding  .     q - cursed +2 ring of evasion
rMut   .         Stasis   .     L - cursed +5 ring of slaying
Gourm  .                        (no ring)
MR     .....                    (no ring)
                                (no ring)
                                (no ring)
                                (no ring)

@: not resistant to hostile enchantments, unstealthy
A: almost no armour, amphibious, 8 rings, constrict 8, camouflage 1, gelatinous
body 1
a: Minor Destruction, Lesser Servant of Makhleb, Major Destruction, Greater
Servant of Makhleb, Renounce Religion


You were on level 4 of the Lair of Beasts.
You worshipped Makhleb.
Makhleb was exalted by your worship.
You were near starving.

You visited 3 branches of the dungeon, and saw 15 of its levels.
You also visited: Volcano.

You collected 832 gold pieces.

Inventory:

Missiles
 b - 55 arrows (in tentacle)
 n - 67 poisoned needles
 y - 14 arrows of flame
 K - 13 arrows of frost
 O - 4 throwing nets (quivered)
 S - 7 needles of slowing
Magical devices
 z - a wand of magic darts (15)
 E - a wand of random effects (0)
 G - a wand of magic darts (0)
 M - a wand of random effects (10)
 U - a wand of confusion (12)
 W - a wand of lightning (0)
 Z - a wand of random effects (5)
Comestibles
 a - 6 bread rations
 h - 7 meat rations
 H - 7 fruits
Scrolls
 c - 4 scrolls of blinking
 f - 2 scrolls of enchant weapon
 i - a scroll of noise
 m - 2 scrolls of random uselessness
 o - a scroll of amnesia
 u - 9 scrolls of teleportation
 D - 2 scrolls of immolation
 F - a scroll of silence
 I - 2 scrolls of enchant armour {unknown}
 J - 4 scrolls of remove curse
 P - a scroll of brand weapon
 R - a scroll of acquirement {unknown}
 T - a scroll of magic mapping
 V - a scroll of recharging {unknown}
Jewellery
 l - a cursed +2 ring of protection (left tentacle)
 q - a cursed +2 ring of evasion (right tentacle)
 L - a cursed +5 ring of slaying (on tentacle)
 Q - an amulet of clarity (around mantle)
Potions
 e - 3 potions of resistance
 j - a potion of heal wounds
 k - 6 potions of curing
 t - 6 potions of brilliance
 v - 2 potions of restore abilities
 w - a potion of porridge
 x - 3 potions of might
 A - 3 potions of berserk rage
 B - a potion of cancellation
 N - a potion of invisibility
Books
 d - a book of Changes

   Spells                             Type                      Level
   Beastly Appendage                  Transmutation                1
   *Sticks to Snakes                  Transmutation                2
   *Spider Form                       Transmutation/Poison         3
   Ice Form                           Ice/Transmutation            4
   *Blade Hands                       Transmutation                5
 s - a book of the Dragon

   Spells                             Type                      Level
   Flight                             Charms/Air                   3
   Cause Fear                         Hexes                        4
   Bolt of Fire                       Conjuration/Fire             6
   Dragon Form                        Transmutation                7
   Dragon's Call                      Summoning                    9
 C - a book of Dreams

   Spells                             Type                      Level
   *Ensorcelled Hibernation           Hexes/Ice                    2
   Flight                             Charms/Air                   3
   *Phase Shift                       Translocation                5
   Shadow Creatures                   Summoning                    5
   Mass Confusion                     Hexes                        6
   Darkness                           Hexes                        7


   Skills:
 - Level 8.1 Fighting
 - Level 8.2 Dodging
 - Level 10.7 Unarmed Combat
 - Level 3.6 Spellcasting
 - Level 8.8 Translocations
 - Level 7.6 Transmutations
 + Level 6.5 Invocations


You had one spell level left.
You knew the following spells:

 Your Spells              Type           Power        Failure   Level  Hunger
a - Phase Shift           Tloc           #####.....   12%         5    #####..
b - Sticks to Snakes      Trmt           ####......   1%          2    ##.....
c - Spider Form           Trmt/Pois      ###.......   10%         3    ###....
d - Blade Hands           Trmt           ####......   17%         5    #####..
e - Ensorcelled Hibernat  Hex/Ice        #.....       24%         2    ##.....


Dungeon Overview and Level Annotations

Branches:
Dungeon (10/15)            Temple (1/1) D:5            Lair (4/8) D:9
 Shoals (0/5) Lair:4
    Orc: D:9-12       Snake: Lair:3-6    Spider: Lair:3-6

Altars:
Ashenzari
Cheibriados
Dithmenos
Elyvilon
Fedhas
Gozag
Kikubaaqudgha
Makhleb
Nemelex Xobeh
Okawaru
Qazlal
Ru
Sif Muna
Trog
Vehumet
Xom
Yredelemnul
Zin
The Shining One

Shops:
D:8 %%[

Annotations:
D:6 Sigmund
D:9 Maurice


Innate Abilities, Weirdness & Mutations

You cannot wear most types of armour.
You are amphibious.
You can wear up to eight rings at the same time.
You can use your tentacles to constrict many enemies at once.
Your skin changes colour to match your surroundings (Stealth).
Your rubbery body absorbs attacks (AC +1).


Message History

The puff of flame hits the seven-headed hydra.
The seven-headed hydra is severely wounded.
You feel slightly more hungry.
Use which ability? (? or * to list)
A demon appears!
You feel slightly more hungry.
The seven-headed hydra closely misses your smoke demon.
The seven-headed hydra bites your smoke demon!
The seven-headed hydra closely misses your smoke demon.
The seven-headed hydra bites your smoke demon.
The seven-headed hydra bites your smoke demon! x2
The seven-headed hydra closely misses your smoke demon.
Unknown command.
You are near starving!
The seven-headed hydra completely misses you.
The seven-headed hydra bites you.
* * * LOW HITPOINT WARNING * * *
The seven-headed hydra bites you!
* * * LOW HITPOINT WARNING * * *
The seven-headed hydra bites you!
You die...

#.............##
#...........(.P#
##.....[.....###
#...........##
#............P#
#.............
#.........##..
##.....D.## .
##P..3#@#
####..## ##..#
####


You could see a seven-headed hydra.

Vanquished Creatures
  An elephant (D:9)
  A manticore (D:10)
  A black mamba (Lair:4)
  The ghost of Franky the Covert, an experienced KoAs of Ashenzari (D:7)
  6 spiny frogs
  A komodo dragon (Lair:1)
  A merfolk (D:9)
  7 blink frogs
  A two-headed ogre (D:8)
  A flying skull (Volcano)
  A basilisk (Lair:4)
  2 vampires (Volcano)
  9 yaks
  A wraith (D:9)
  6 hippogriffs
  Menkaure (D:4)
  2 water moccasins (Lair:1)
  2 orc warriors
  9 porcupines
  Purgy (D:3)
  An ice beast (D:9)
  A sky beast (D:8)
  4 black bears
  A yellow wasp (D:8)
  A necrophage (D:9)
  3 phantoms
  11 ogres
  4 centaurs
  Duvessa (D:6)
  6 crocodiles
  8 big kobolds
  13 giant frogs
  A gnoll sergeant (D:10)
  3 wyvern skeletons
  7 scorpions
  A troll zombie (D:10)
  4 killer bees (D:7)
  10 wights
  5 crimson imps
  An electric eel (Lair:2)
  4 goliath beetles
  Dowan (D:6)
  2 jellies
  6 human zombies (D:9)
  An elf zombie (D:10)
  4 orc priests
  4 iguanas
  4 hounds
  An iron imp (D:9)
  Natasha (thrice) (D:6)
  6 orc wizards
  7 worker ants
  A big kobold zombie (D:5)
  5 sheep (Lair:1)
  A sky beast zombie (D:6)
  4 mummies
  A worker ant zombie (D:2)
  11 adders
  11 gnolls
  23 green rats
  A scorpion zombie (D:5)
  3 shadow imps
  A giant mite (D:5)
  A worm (D:2)
  2 adder zombies
  3 orc zombies
  An adder skeleton (D:7)
  4 giant geckos
  An ooze (D:1)
  35 orcs
  7 giant cockroaches
  19 hobgoblins
  15 jackals
  6 quokkas
  20 bats
  A giant cockroach zombie (D:2)
  2 giant newts (D:1)
  A gnoll zombie (D:2)
  12 goblins
  A goblin skeleton (D:5)
  A goblin zombie (D:9)
  2 hobgoblin skeletons
  3 hobgoblin zombies
  A jackal skeleton (D:4)
  68 kobolds
  A kobold skeleton (D:9)
  3 kobold zombies
  An orc skeleton (D:6)
  8 rats
  A plant (Lair:4)
466 creatures vanquished.

Vanquished Creatures (collateral kills)
  A hydra (Lair:4)
  A komodo dragon (Lair:4)
  2 gnolls (D:6)
  A bat (D:6)
  A goblin (D:6)
6 creatures vanquished.

Vanquished Creatures (others)
  A ynoxinul (Lair:4)
  A fungus (Lair:2)
2 creatures vanquished.

Grand Total: 474 creatures vanquished

Notes
Turn   | Place    | Note
--------------------------------------------------------------
     0 | D:1      | Ratboiler, the Octopode Transmuter, began the quest for the Orb.
     0 | D:1      | Reached XP level 1. HP: 13/13 MP: 3/3
   286 | D:1      | Reached XP level 2. HP: 15/18 MP: 2/4
   294 | D:1      | Learned a level 2 spell: Sticks to Snakes
   698 | D:1      | Reached XP level 3. HP: 17/23 MP: 4/6
  1031 | D:1      | Learned a level 3 spell: Spider Form
  1566 | D:2      | Reached skill level 4 in Unarmed Combat
  1566 | D:2      | Reached XP level 4. HP: 28/28 MP: 1/7
  2570 | D:3      | Reached XP level 5. HP: 12/33 MP: 0/9
  3151 | D:3      | Noticed a big kobold
  3160 | D:3      | Killed a big kobold
  3160 | D:3      | Reached skill level 5 in Unarmed Combat
  3161 | D:3      | Reached XP level 6. HP: 29/38 MP: 10/10
  3430 | D:3      | Noticed a big kobold
  3445 | D:3      | Killed a big kobold
  3648 | D:3      | Noticed a big kobold
  3655 | D:3      | Noticed a big kobold
  3659 | D:3      | Noticed a big kobold
  3670 | D:3      | Killed a big kobold
  3670 | D:3      | Reached skill level 5 in Transmutations
  3682 | D:3      | Killed a big kobold
  3682 | D:3      | Reached skill level 6 in Unarmed Combat
  3682 | D:3      | Reached XP level 7. HP: 24/43 MP: 4/12
  3686 | D:3      | Killed a big kobold
  4178 | D:3      | Noticed Purgy
  4190 | D:3      | Killed Purgy
  4341 | D:4      | HP: 2/43 [poisoned by a kobold]
  5015 | D:4      | Noticed Menkaure
  5025 | D:4      | Killed Menkaure
  5025 | D:4      | Reached skill level 7 in Unarmed Combat
  5025 | D:4      | Reached XP level 8. HP: 48/48 MP: 9/13
  5341 | D:5      | Entered Level 5 of the Dungeon
  5523 | D:5      | Learned a level 5 spell: Blade Hands
  5609 | D:5      | Found a staircase to the Ecumenical Temple.
  5619 | Temple   | Entered the Ecumenical Temple
  5691 | Temple   | Became a worshipper of Makhleb the Destroyer
  6022 | D:5      | Found a shattered altar of Ashenzari.
  6484 | D:6      | Noticed Natasha
  6486 | D:6      | Noticed Sigmund
  6493 | D:6      | Killed Natasha
  6666 | D:6      | Reached skill level 8 in Unarmed Combat
  6666 | D:6      | Reached XP level 9. HP: 57/57 MP: 12/16
  6756 | D:6      | Noticed Duvessa
  6756 | D:6      | Noticed Dowan
  6766 | D:6      | Killed Dowan
  6773 | D:6      | Killed Duvessa
  6858 | D:6      | Learned a level 2 spell: Ensorcelled Hibernation
  7100 | D:6      | Noticed Natasha
  7107 | D:6      | Killed Natasha
  7197 | D:6      | Found a deep blue altar of Sif Muna.
  7349 | D:6      | Acquired Makhleb's first power
  7901 | D:6      | Noticed Natasha
  7914 | D:6      | Killed Natasha
  8239 | D:6      | Reached skill level 5 in Dodging
  8615 | D:7      | Reached skill level 5 in Fighting
  8887 | D:7      | Reached skill level 9 in Unarmed Combat
  8918 | D:7      | Noticed Franky's ghost (experienced KoAs)
  8949 | D:7      | Killed Franky's ghost
  8949 | D:7      | Reached XP level 10. HP: 41/67 MP: 12/19
  9126 | D:7      | Acquired Makhleb's second power
  9777 | D:8      | Found Inu Bour's Food Shoppe.
 10137 | D:8      | Found Ediraluz's Food Emporium.
 10301 | D:8      | Acquired Makhleb's third power
 10517 | D:8      | Reached skill level 10 in Unarmed Combat
 10955 | D:8      | Found Icapn's Armour Shop.
 11407 | D:9      | Noticed a death yak
 11408 | D:9      | Noticed Maurice
 11410 | D:9      | Noticed an elephant
 11506 | D:9      | Found an ancient bone altar of Kikubaaqudgha.
 11577 | D:9      | Acquired Makhleb's fourth power
 11593 | D:9      | Reached XP level 11. HP: 75/75 MP: 20/20
 11787 | D:9      | Found a glowing golden altar of the Shining One.
 11850 | D:9      | Killed an elephant
 11973 | D:9      | Found a staircase to the Lair.
 12228 | D:10     | Entered Level 10 of the Dungeon
 12938 | D:10     | Learned a level 5 spell: Phase Shift
 13018 | D:10     | Reached skill level 1 in Translocations
 13020 | D:10     | Acquired Makhleb's fifth power
 13530 | Lair:1   | Entered Level 1 of the Lair of Beasts
 13938 | Lair:1   | Reached skill level 5 in Translocations
 15237 | Lair:2   | Reached XP level 12. HP: 82/82 MP: 17/21
 15344 | Lair:3   | Noticed a six-headed hydra
 15435 | Lair:3   | Found a dark tunnel.
 15473 | Volcano  | Entered a volcano
 16290 | Lair:4   | Reached skill level 1 in Invocations
 16409 | Lair:4   | Found a staircase to the Shoals.
 16746 | Lair:4   | Noticed a six-headed hydra
 16816 | Lair:4   | Killed a six-headed hydra
 16816 | Lair:4   | Reached skill level 5 in Invocations
 17314 | Lair:4   | Noticed a seven-headed hydra
 17395 | Lair:4   | HP: 1/82 [seven-headed hydra (13)]
 17395 | Lair:4   | Demolished by a seven-headed hydra

Action                   |  1- 3 |  4- 6 |  7- 9 | 10-12 || total
-------------------------+-------+-------+-------+-------++-------
Melee: Unarmed           |    92 |   189 |   414 |   776 ||  1471
 Fire: Blowgun           |       |       |     2 |       ||     2
Throw: Throwing net      |       |       |       |     3 ||     3
 Cast: Beastly Appendage |     5 |     3 |     1 |       ||     9
       Spider Form       |     1 |     4 |    30 |    74 ||   109
       Sticks to Snakes  |       |       |    24 |    29 ||    53
       Blade Hands       |       |       |     1 |       ||     1
       Phase Shift       |       |       |       |    17 ||    17
Invok: Minor Destruction |       |       |       |     2 ||     2
       Lesser Servant of |       |       |       |     2 ||     2
       Major Destruction |       |       |       |     1 ||     1
Evoke: Wand              |       |       |     2 |    24 ||    26
  Use: Potion            |       |       |     5 |     4 ||     9
       Scroll            |       |       |    15 |    10 ||    25
 Stab: Sleeping          |     1 |     3 |     6 |     7 ||    17
       Distracted        |     1 |       |     1 |       ||     2
  Eat: Chunk             |     1 |     7 |    14 |    13 ||    35
       Fruit             |       |     2 |     3 |     1 ||     6
       Beef jerky        |       |       |     3 |     1 ||     4
       Royal jelly       |       |       |     1 |     1 ||     2
       Bread ration      |       |       |       |     4 ||     4
       Meat ration       |       |       |       |     1 ||     1
